AoeStats
← eyupfc

Arena

508619377Analyzed
4v4 RM · 9d ago on Sep 23, 2026· 49m 31s· 8 players
Game mode
Random Map
Map size
Large (8 player)
Population
200
Speed
Normal
Resources
Standard
Victory
Conquest
Starting age
Dark Age
Ending age
Imperial Age
RankedLock teamsTeams togetherTeam positionsShared explorationLock speedFull tech treeHidden civsTurbo modeCheats
Victory
Defeat
🇮🇳 Saxons · India
1295
+12
🇨🇳 Romans · China
1258
+13
🇨🇳 Cumans · China
1236
+14
🇫🇷 Burgundians · France
1204
+16
🇪🇸 Vikings · Spain
1290
-17
🇬🇧 Wei · United Kingdom
1182
-13
🇳🇴 Cumans · Norway
1168
-13
🇹🇷 Danes · Türkiye
1167
-12
Crippling Depression
10:28 Feudal Age
11:51 Loom
12:30 Double-Bit Axe
15:00 Castle Age
13:23 Horse Collar
17:05 Bow Saw
23:50 Gold Mining
24:34 Heavy Plow
25:22 Wheelbarrow
26:11 Gold Shaft Mining
26:41 Stone Mining
29:55 Imperial Age
28:31 Hand Cart
30:09 Scale Barding Armor
30:15 Forging
30:06 Scale Mail Armor
30:33 Elite Varangian Guard
32:24 Iron Casting
32:04 Chain Mail Armor
31:40 Shield Wall
33:06 Scale Barding Armor
34:12 Crop Rotation
34:44 Two-Man Saw
34:20 Gambesons
34:35 Squires
34:21 Arson
34:18 Heavy Scorpion
37:12 Capped Ram
38:51 Siege Ram
43:30 Conscription
44:52 Pikeman
46:22 Plate Mail Armor
45:47 Halberdier
阿酷丶
9:55 Feudal Age
8:11 Loom
10:46 Double-Bit Axe
17:28 Wheelbarrow
16:35 Horse Collar
21:21 Castle Age
19:21 Gold Mining
23:41 Bow Saw
23:45 Heavy Plow
26:19 Imperial Age
25:12 Hand Cart
25:23 Scale Barding Armor
25:29 Forging
26:38 Chain Barding Armor
26:58 Gold Shaft Mining
26:14 Stone Mining
27:49 Iron Casting
28:31 Bloodlines
32:13 Thumb Ring
31:29 Crossbowman
34:44 Two-Man Saw
40:50 Ballistics
46:58 Squires
47:25 Pikeman
Léon gontran
4:49 Double-Bit Axe
5:14 Loom
9:54 Feudal Age
10:47 Bow Saw
10:44 Gold Mining
10:38 Horse Collar
14:50 Wheelbarrow
16:53 Castle Age
16:27 Scale Barding Armor
17:40 Forging
17:42 Cavalier
19:45 Gold Shaft Mining
20:19 Chain Barding Armor
20:47 Husbandry
20:55 Husbandry
23:21 Iron Casting
26:24 Heavy Plow
26:42 Stone Mining
32:39 Imperial Age
30:25 Hand Cart
31:33 Two-Man Saw
32:21 Town Watch
33:17 Stone Shaft Mining
34:00 Plate Barding Armor
33:31 Town Patrol
35:03 Blast Furnace
33:35 Paladin
34:49 Treadmill Crane
36:12 Chemistry
38:24 Burgundian Vineyards
39:10 Conscription
43:43 Elite Coustillier
muui
11:20 Feudal Age
9:35 Loom
11:04 Loom
11:31 Man-at-Arms
16:50 Castle Age
14:59 Double-Bit Axe
15:11 Horse Collar
18:32 Scale Mail Armor
20:51 Town Watch
25:58 Heavy Plow
27:10 Bow Saw
28:41 Wheelbarrow
28:02 Gold Mining
28:02 Stone Mining
28:40 Town Patrol
29:03 Long Swordsman
34:51 Imperial Age
32:38 Hand Cart
32:22 Pikeman
33:02 Squires
34:22 Chain Mail Armor
34:18 Forging
35:18 Fortified Wall
35:06 Halberdier
36:23 Conscription
36:10 Legionary
37:44 Iron Casting
38:33 Masonry
39:25 Blast Furnace
38:52 Ballistas
39:59 Crop Rotation
44:04 Conscription
44:33 Ballistics
45:09 Comitatenses
46:52 Scale Barding Armor
49:40 Chain Barding Armor
eyupfc
10:40 Feudal Age
14:22 Castle Age
12:33 Double-Bit Axe
12:29 Horse Collar
15:31 Bow Saw
15:40 Heavy Plow
18:11 Stone Mining
19:22 Gold Mining
21:49 Gold Shaft Mining
21:35 Scale Mail Armor
21:45 Forging
22:05 Squires
21:55 Loom
25:10 Arson
25:42 Chain Mail Armor
25:34 Gambesons
26:54 Iron Casting
27:03 Wheelbarrow
26:58 Hamask
33:40 Imperial Age
34:04 Elite Jomsviking
35:04 Conscription
35:32 Elite Varangian Guard
40:56 Chemistry
40:31 Plate Mail Armor
45:29 Blast Furnace
44:22 Fletching
Nectarine
8:12 Loom
10:03 Feudal Age
16:32 Castle Age
15:10 Horse Collar
15:23 Double-Bit Axe
16:17 Gold Mining
16:43 Stone Mining
17:38 Bloodlines
22:00 Wheelbarrow
21:32 Heavy Plow
21:56 Bow Saw
23:12 Gold Shaft Mining
23:18 Hand Cart
23:25 Town Watch
24:07 Town Watch
25:20 Husbandry
24:41 Light Cavalry
25:30 Stone Mining
26:13 Scale Barding Armor
26:19 Forging
28:48 Stone Shaft Mining
34:05 Imperial Age
32:33 Tuntian
32:52 Fortified Wall
33:02 Ballistics
32:24 Treadmill Crane
33:31 Iron Casting
34:07 Heavy Hei Guang Cavalry
35:15 Ming Guang Armor
35:26 Hoardings
35:19 Chain Barding Armor
36:00 Blast Furnace
34:52 Fletching
34:46 Hussar
36:37 Conscription
39:08 Parthian Tactics
39:01 Thumb Ring
39:02 Caravan
39:10 Heavy Scorpion
40:55 Bodkin Arrow
42:05 Chemistry
41:01 Murder Holes
41:17 Masonry
45:54 Bracer
46:36 Elite Tiger Cavalry
Aspirante
10:17 Feudal Age
13:53 Castle Age
12:32 Double-Bit Axe
12:59 Horse Collar
14:40 Loom
14:37 Man-at-Arms
17:32 Long Swordsman
19:01 Forging
20:07 Scale Mail Armor
Globox
8:54 Feudal Age
9:42 Double-Bit Axe
11:00 Horse Collar
18:52 Wheelbarrow
20:55 Castle Age
19:48 Forging
19:59 Bloodlines
20:22 Scale Barding Armor
22:15 Bow Saw
22:07 Heavy Plow
25:20 Gold Mining
25:22 Stone Mining
27:52 Gold Shaft Mining
27:27 Loom
28:03 Hand Cart
27:34 Town Watch
33:22 Imperial Age
30:53 Town Patrol
32:29 Chain Barding Armor
34:09 Iron Casting
33:23 Cavalier
34:25 Conscription
35:12 Plate Barding Armor
34:45 Paladin
36:30 Blast Furnace
36:32 Fletching
36:40 Murder Holes
37:06 Ballistics
37:46 Chemistry
36:57 Masonry
37:55 Hoardings
40:27 Pikeman
41:07 Squires
40:53 Arson
41:13 Scale Mail Armor
41:15 Halberdier
42:14 Chain Mail Armor
43:33 Plate Mail Armor
43:09 Bodkin Arrow
Connection lost

Rejoining the realm…

Still unreachable

The connection could not be restored.

Session expired

The server has moved on; the page needs a fresh start.